Zazza, neutral female human Tourist ---- ---- ---..------..-- |.............| --- -- -------.|.-----.....| |..--.-- -- --.--....|.| --.|.-- |....... .. |....*.--|.--- ----- ... |.......-----. |.......||...---- -.... ----......*...... --.....--|....|.-- |....... | --...............-- |--..-- |.......| -.....).....................---- |...-- --.....-- .........................--- ---.--- |...--- .....................- |...| ----- -................ |.--- -.......^...--#----- --.| -....>.....h......|--..| --...#..-#-----#-h|....-- -----#-- |.@..f..------ --..f.....|..| |....|^|....| --.------.--- --- --- Zazza the Rambler Experience level: 1 Strength: 13 Dexterity: 13 Constitution: 17 Intelligence: 13 Wisdom: 10 Charisma: 18 Health: 0(19) Energy: 2(2) Def: 6 Gold: 0 Moves: 6535 Dungeon seed: K9HbUFIypvjC_2_e Game ID: Zazza_1619032204 Your Inventory: Amulets K - an uncursed amulet of ESP (being worn) Weapons a - 27 +2 darts (in quiver) p - a +1 dagger G - 3 +0 elven daggers (wielded) Armor n - an uncursed +0 elven mithril-coat (being worn) r - an uncursed +0 orcish helm (being worn) Wands g - a wand of teleportation (0:7) y - a wand of probing (0:2) A - a wand of death (0:6) O - a wand of make invisible (0:5) U - a cursed wand of lightning (0:1) Tools j - an expensive camera (0:84) k - an uncursed skeleton key s - a cursed magic whistle z - an uncursed bag of holding C - a cursed towel Y - a frost horn (0:2) Contents of the bag of holding: 4712 gold pieces 11 +0 arrows a +0 bow 4 +0 daggers a blessed +0 Hawaiian shirt a cursed +0 Hawaiian shirt a cursed +0 Hawaiian shirt a blessed +0 dwarvish cloak a cursed -2 pair of fumble boots a cursed banana an uncursed clove of garlic an uncursed egg a cursed egg 4 uncursed food rations a cursed food ration an uncursed lembas wafer 5 uncursed slime molds an uncursed tin of yellow mold a cursed tripe ration an uncursed scroll of amnesia 2 cursed scrolls of amnesia 2 cursed scrolls of confuse monster an uncursed scroll of create monster 2 uncursed scrolls of enchant armor 2 uncursed scrolls of enchant weapon a cursed scroll of enchant weapon an uncursed scroll of identify 3 cursed scrolls of identify 3 cursed scrolls of magic mapping a cursed scroll of remove curse an uncursed scroll of teleportation a cursed scroll of teleportation a cursed potion of blindness an uncursed potion of booze an uncursed potion of enlightenment an uncursed potion of extra healing 3 cursed potions of extra healing 2 uncursed potions of fruit juice 2 uncursed potions of full healing a cursed potion of gain ability an uncursed potion of gain level an uncursed potion of hallucination a blessed potion of healing an uncursed potion of monster detection an uncursed potion of restore ability a cursed potion of restore ability 2 uncursed potions of speed a potion of unholy water an uncursed potion of water a blessed +1 ring of increase accuracy a blessed wand of light (0:12) a cursed wand of striking (0:4) a cursed mirror 4 uncursed tallow candles (0:200) a tinning kit (0:89) an uncursed amber stone an uncursed worthless piece of blue glass an uncursed worthless piece of orange glass Spells and supernatural/magical abilities: Name Level Category Fail Memory o - cone of cold 4 attack 100% 71% z - sleep 1 enchantment 100% 69% W - pray for help -- divine ? -- Your skills at the end: Fighting Skills Weapon Skills dart [Basic] Spellcasting Skills Final Attributes: You were nominally aligned. You were telepathic. You are dead. Vanquished creatures: a ghost a giant spider a dog a fog cloud 2 shriekers 4 gnome lords a straw golem a little dog 2 dwarves a homunculus 5 hill orcs a giant bat a dwarf zombie a wererat 3 iguanas 2 acid blobs 5 coyotes 3 hobbits 5 manes a large kobold a hobgoblin 6 giant rats a yellow mold a red mold 14 gnomes 4 garter snakes 3 gnome zombies 8 geckos 5 jackals a fox a kobold 4 goblins 6 sewer rats 11 grid bugs 8 lichens 7 newts 123 creatures vanquished. Voluntary challenges: You were vegetarian. You never hit with a wielded weapon. You read items or engraved 42 times, starting on turn 144. You never genocided any monsters. You never polymorphed an object. You never changed form. You used no wishes. You never split a pudding. You wrote Elbereth's name 10 times, starting on turn 496. You never violated your personal moral code. Dungeon overview: The Dungeons of Doom: levels 1 to 7 Level 1 a fountain, a sink a long staircase Level 2 a fountain Level 3 a general store Level 4 a potion shop stairs to The Gnomish Mines Level 5 Level 6 Level 7 The Gnomish Mines: levels 5 to 7 Level 5 stairs to The Dungeons of Doom Level 6 <- You were here Level 7 History has recorded: On T:1 you entered the Dungeons of Doom to retrieve the Amulet of Yendor! On T:281 you reached level 2 of The Dungeons of Doom. On T:665 you reached level 3 of The Dungeons of Doom. On T:1717 you reached level 4 of The Dungeons of Doom. On T:1988 you reached level 1 of The Gnomish Mines. On T:2063 you reached level 5 of The Dungeons of Doom. On T:2808 you reached level 6 of The Dungeons of Doom. On T:4861 you reached level 7 of The Dungeons of Doom. On T:6142 you reached level 3 of The Gnomish Mines. On T:6190 you reached level 2 of The Gnomish Mines. Score breakdown: Gold: 4135 (12302 points) Experience: 1 level ( 0 points) Exploration: 7 levels ( 13.73%) (10392 points) Discoveries: 24 items ( 8.05%) ( 8513 points) Valuables value: (no points given unless you survive) Artifact value: 0 ( 0 points) Variety of kills: 36 monsters ( 9.45%) ( 9221 points) Turncount: 6535 turns (-1750 points) Survival: died (score multiplied by 80%) Total score: 30942 Latest messages: Armand misses the dwarf king. The giant bat misses Armand. Armand bites the giant bat. The dwarf throws a dart! The dart hits the giant bat. The giant bat is killed! Armand eats a giant bat corpse. Armand bites the dwarf king. The dwarf king swings his pick-axe at Armand. The dwarf king misses Armand. The dwarf king swings his pick-axe at Armand. The dwarf king hits Armand. You stop. Armand is in the way! The dwarf king drinks a white potion! The dwarf king looks completely healed. You hear crashing rock. Armand is hit. The dwarf king swings his pick-axe. The dwarf king hits! The dwarf king swings his pick-axe. The dwarf king hits! You die... Final status: Aloha Zazza the Tourist, killed by a dwarf king... You died in The Gnomish Mines on dungeon level 6 with 30942 points, and 4712 pieces of gold, after 6535 moves. You were level 1 with a maximum of 19 hit points when you died.